Cogmind - Beta 16.1 @@@ ROGUE MODE // 2026.02.15 @ 11:30:22 Player: Zish Result: Destroyed by S-10 Pest with Light Assault Rifle Performance ------------- Evolutions (0) 0 Regions Visited (1) 200 Robots Destroyed (23) 115 Value Destroyed (498) 498 Prototype IDs (0) 0 Alien Tech Used (0) 0 Bonus (0) 0 TOTAL SCORE: 813 Bonus ------- None Cogmind --------- Core Integrity 0/250 Matter 291/300 Energy 125/125 System Corruption 5% Temperature Cool (0) Movement Walking (190) Ox1 Location -10/Materials Parts ------- > --- POWER (1) -------- Light Ion Engine > --- PROPULSION (2) --- Aluminum Leg Aluminum Leg > --- UTILITY (2) ------ Large Storage Unit Signal Interpreter > --- WEAPON (2) ------- Small Laser Assault Rifle > --- INVENTORY (15) --- Light Ion Engine Light Nuclear Core Light Treads Small Storage Unit Structural Scanner Targeting Computer Targeting Computer Small Laser Peak State ------------ > --- POWER ------------ Light Ion Engine > --- PROPULSION ------- Light Treads Light Treads > --- UTILITY ---------- Large Storage Unit Weapon Shielding > --- WEAPON ----------- EM Pulse Gun Small Laser > --- INVENTORY -------- Ion Engine Ion Engine Light Ion Engine Light Nuclear Core Small Storage Unit Authchip [R/Combat] Small Laser [Rating: 8] Favorites ----------- Power Light Ion Engine Engine Light Ion Engine Propulsion Light Treads Treads Light Treads Leg Aluminum Leg Utility Large Storage Unit Storage Large Storage Unit Processor Signal Interpreter Protection Weapon Shielding Weapon Small Laser Energy Gun Small Laser Ballistic Gun Assault Rifle Build | -11 -10 ------- Run | Yrd Mat Slots Evolved . | . . Power . | . . Propulsion . | . . Utility . | . . Weapon . | . . Parts Attached 18 | 6 12 Power 4 | 1 3 Engine 4 | 1 3 Core . | . . Reactor . | . . Propulsion 5 | 2 3 Treads 3 | 2 1 Leg 2 | . 2 Wheel . | . . Hover . | . . Flight . | . . Utility 4 | 1 3 Device . | . . Storage 2 | 1 1 Processor 1 | . 1 Hackware . | . . Protection 1 | . 1 Artifact . | . . Weapon 5 | 2 3 Energy Gun 4 | 2 2 Energy Cannon . | . . Ballistic Gun 1 | . 1 Ballistic Cannon . | . . Launcher . | . . Special Weapon . | . . Impact Weapon . | . . Slashing Weapon . | . . Piercing Weapon . | . . Special Melee Weapon . | . . Unidentified Prototypes . | . . Corrupted Parts 1 | . 1 System Corruption 4 | . 4 Parts Lost 7 | . 7 Power 2 | . 2 Propulsion 2 | . 2 Utility 1 | . 1 Weapon 2 | . 2 Highest Loss Streak 6 | . 6 To Critical Strikes . | . . Average Backups 6 | 1 6 Power 2 | . 2 Propulsion . | . . Utility 2 | . 2 Weapon . | . . Tool/Special . | . . Unused Backups 6 | . 6 Power 2 | . 2 Propulsion . | . . Utility 4 | . 4 Weapon . | . . Tool/Special . | . . Average Slot Usage (%) 94 | . 94 Engine 13 | . 13 Treads 21 | . 21 Leg 5 | . 5 Storage 14 | . 14 Processor 1 | . 1 Protection 9 | . 9 Energy Gun 26 | . 26 Ballistic Gun 1 | . 1 Peak Build Rating 8 | 6 8 Average Rating 6 | 5 6 On Entrance 3 | . 6 Avg Prop Armor Cover (%) 15 | . 15 Naked Turns . | . . Heaviest Build 27 | 11 27 Greatest Support 40 | 40 40 Greatest Overweight (x) 2 | . 2 Average Overweight (x) . | . . Largest Inventory Capacity 15 | 8 15 Average Capacity 13 | 7 14 Most Carried 11 | 2 11 Average Carried 6 | 1 6 Final Capacity 15 | 8 15 Final Carried 8 | 2 8 Class Distribution -------------------- 79% | Mutant 20% | Scavenger-Mutant Dominant Class ---------------- Mutant | -10/Materials Resources | -11 -10 ----------- Run | Yrd Mat Matter Collected 376 | 254 122 Remotely . | . . Salvage Created 786 | 99 687 Parts 48 | 5 43 Haulers Intercepted . | . . Recyclers Shooed . | . . Parts Field Recycled . | . . Retrieved Matter . | . . Parts Self-Destructed . | . . Prevented . | . . Parts Restored . | . . Kills | -11 -10 ------- Run | Yrd Mat Combat Hostiles Destroyed 15 | . 15 Guns 14 | . 14 AOE 1 | . 1 Classes Destroyed 8 | 2 6 Worker 2 | . 2 Builder 1 | . 1 Tunneler 1 | 1 . Recycler 2 | 1 1 Operator 1 | . 1 Watcher 1 | . 1 Swarmer 4 | . 4 Grunt 11 | . 11 Best Kill Streak 6 | 2 6 Combat Bots Only 6 | . 6 Max Kills in Single Turn 2 | 2 2 Gunslinging 1 | . 1 Exploded 1 | . 1 Melee . | . . Uniques/NPCs Destroyed . | . . Combat | -11 -10 -------- Run | Yrd Mat Hostile Shots Fired 107 | . 107 Missed 24 | . 24 Hits 83 | . 83 Projectile 83 | . 83 Damage Taken 998 | . 998 Core 252 | . 252 Absorbed by Shields . | . . Redirected to Shielding 50 | . 50 Core Remaining (%) 100 | 100 . Volleys Fired 57 | 8 49 Largest 2 | 2 2 Hottest 80 | 80 80 Shots Fired 108 | 16 92 Gun 108 | 16 92 Cannon . | . . Launcher . | . . Special . | . . Kinetic 4 | . 4 Thermal 63 | 8 55 Explosive . | . . Electromagnetic 41 | 8 33 Robot Hit Streak 22 | 3 22 Robot Miss Streak 4 | 4 4 Penetration Max . | . . Secondary Targets 4 | . 4 Max Gunslinging Chain 1 | . 1 Shots Hit Robots 69 | 9 60 Core Hits 36 | 3 33 Critical Kills . | . . Critical Parts Destroyed . | . . Critical Strikes . | . . Melee Attacks . | . . Impact . | . . Slashing . | . . Piercing . | . . Sneak Attacks . | . . Combat Hostiles . | . . Follow-up Attacks . | . . Damage Inflicted 1021 | 180 841 Guns 851 | 110 741 Cannons . | . . Explosions 170 | 70 100 Melee . | . . Ramming . | . . Kinetic 24 | . 24 Thermal 574 | 113 461 Explosive . | . . Electromagnetic 423 | 67 356 Impact . | . . Slashing . | . . Piercing . | . . Highest Corruption 5 | . 5 Average Corruption 4 | . 4 Corruption Purged . | . . Corruption Blocked . | . . Effects 6 | . 6 Message Errors 1 | . 1 Matter Fused 1 | . 1 Heat Flow Errors 1 | . 1 Energy Discharges 2 | . 2 Weapon Failures 1 | . 1 Overload Shots . | . . Overflow Damage . | . . Projectiles . | . . Explosions . | . . Melee . | . . Knockbacks . | . . Impact . | . . Kinetic . | . . Secondary . | . . Self-Inflicted Damage 48 | . 48 Shots 2 | . 2 Rammed . | . . Targets Rammed . | . . Kicked . | . . Crushed . | . . Highest Temperature 452 | 90 452 Average Temperature 125 | 40 139 Received Heat Transfer 468 | . 468 Effects 3 | . 3 Shutdowns 1 | . 1 Interference 1 | . 1 Short Circuit 1 | . 1 Siege Activations . | . . Martial Activations . | . . Shielding Activations . | . . Robots Disrupted . | . . Combat Hostiles . | . . Robots Corrupted . | . . Combat Hostiles . | . . Parts Fried 1 | . 1 Impact Corruptions . | . . Robots Melted . | . . Combat Hostiles . | . . Parts Melted . | . . Heat Transferred 1025 | 100 925 Parts Sabotaged . | . . Parts Stolen . | . . Parts Stripped . | . . Power Chain Reactions 3 | 1 2 Alert | -11 -10 ------- Run | Yrd Mat Maximum Alert Level . | . . Low Security (%) 100 | 100 100 Level 1 . | . . Level 2 . | . . Level 3 . | . . Level 4 . | . . Level 5 . | . . High Security . | . . Max Security . | . . Peak Influence 182 | 10 182 Initial . | . . Average 40 | 1 46 Influence Increases 491 | 10 481 Destroy 0b10 Robot/C 300 | . 300 Destroy 0b10 Robot/NC 40 | 10 30 Destroy Leader 62 | . 62 Successful Hack 4 | . 4 Destroy Structure 10 | . 10 Lose Combat Pursuer 75 | . 75 Influence Decreases 320 | 10 310 Time Decay 250 | 10 240 Lost Part 70 | . 70 Squads Dispatched 3 | . 3 Investigation 1 | . 1 Extermination . | . . Reinforcement 2 | . 2 Assault . | . . Garrison . | . . Intercept . | . . Searches Triggered . | . . Construction Impeded . | . . Haulers Reinforced . | . . Active Scanning Responses . | . . Cargo Convoy Interrupts . | . . Stealth | -11 -10 --------- Run | Yrd Mat Distress Signals 2 | . 2 Communications Jammed . | . . Distress Signals . | . . Times Spotted 26 | . 26 Peak Tracking Total 8 | . 8 Tactical Retreats 3 | . 3 Traps | -11 -10 ------- Run | Yrd Mat Traps Triggered 2 | . 2 Indirectly . | . . Trap Hack Attempts . | . . Triggered . | . . Disarmed 3 | . 3 Reprogrammed . | . . Reused . | . . Traps Extracted . | . . Installed . | . . Triggered . | . . Machines | -11 -10 ---------- Run | Yrd Mat Machines Disabled . | . . Max in Single Turn . | . . Machines Repaired . | . . Machines Dismantled . | . . Machines Sabotaged . | . . Overloaded Fab Kills . | . . Hacking | -11 -10 --------- Run | Yrd Mat Machines Accessed 3 | . 3 Terminals 2 | . 2 Fabricators . | . . Repair Stations . | . . Recycling Units 1 | . 1 Scanalyzers . | . . Garrison Access . | . . Total Hacks 8 | . 8 Successful 5 | . 5 Failed 3 | . 3 Catastrophic . | . . Database Lockouts . | . . Manual . | . . Terminals 6 | . 6 Fabricators . | . . Repair Stations . | . . Recycling Units 2 | . 2 Scanalyzers . | . . Garrison Access . | . . Terminal Hacks 3 | . 3 Emergency Access Points 1 | . 1 Locate Traps 1 | . 1 Disarm Traps 1 | . 1 Fabricator Hacks . | . . Repair Station Hacks . | . . Recycling Unit Hacks 2 | . 2 Report Inventory 1 | . 1 Retrieve Components 1 | . 1 Scanalyzer . | . . Garrison Access Hacks . | . . Unauthorized Hacks . | . . Terminals . | . . Fabricators . | . . Repair Stations . | . . Recycling Units . | . . Scanalyzers . | . . Garrison Access . | . . Data Cores Recovered . | . . Used . | . . Hacking Detections 3 | . 3 Full Trace Events 2 | . 2 Feedback Events . | . . Feedback Blocked . | . . Robot Schematics Acquired . | . . Robots Built . | . . Authchips . | . . Time . | . . Total Robot Build Rating . | . . Part Schematics Acquired . | . . Parts Built . | . . Authchips . | . . Time . | . . Total Part Build Rating . | . . Part Studies Acquired . | . . Parts Repaired . | . . Time . | . . Parts Recycled . | . . Recycled Matter . | . . Retrieved Matter . | . . Retrieved Components 2 | . 2 Parts Scanalyzed . | . . Part Schematics Acquired . | . . Parts Damaged . | . . Bothacking | -11 -10 ------------ Run | Yrd Mat Used RIF Installer . | . . Robots Hacked . | . . Non-combat . | . . Combat . | . . Robot Hacks Applied . | . . Relay Couplers Released . | . . Fabnet Peak Effective % . | . . Robots Rewired . | . . Allies Hacked . | . . Hacks Repelled . | . . Allies | -11 -10 -------- Run | Yrd Mat Total Allies . | . . Largest Group . | . . Highest-Rated Group . | . . Highest-Rated Ally . | . . Total Orders . | . . Ally Attacks . | . . Total Damage . | . . Kills . | . . Allies Corrupted . | . . Allies Melted . | . . Intel | -11 -10 ------- Run | Yrd Mat Active Infowar (turns) . | . . Robot Analysis Total . | . . Derelict Logs Recovered . | . . Drone Launches . | . . Drone Recoveries . | . . Exploration | -11 -10 ------------- Run | Yrd Mat Turns Passed 1079 | 135 944 Spaces Moved 492 | 65 427 Core 3 | 3 . Treads 404 | 62 342 Legs 85 | . 85 Wheels . | . . Hover . | . . Flight . | . . Fastest Speed 50 | 50 160 Average Speed 164 | 154 166 Slowest Speed 260 | 160 260 Overloaded Moves . | . . Propulsion Burnouts . | . . Robots Hopped . | . . Potential Cave-ins . | . . Cave-ins Triggered . | . . Exploration Rate (%) 31 | 3 60 Regions Visited 1 Branch Regions . Pre-discovered Areas . | . . Known Exits Taken . | . . Unknown Exits Taken 1 | 1 . Scrap Searched . | . . Spaces Dug . | . . Terrain Destroyed 14 | 4 10 Melee . | . . Projectile . | . . AOE 14 | 4 10 Terrain Rammed . | . . Walls Destroyed . | . . Machines Disabled . | . . Actions | -11 -10 --------- Run | Yrd Mat Total 647 | 80 567 Wait 61 | . 61 Move 491 | 64 427 Hop . | . . Pick Up 12 | 2 10 Fast Attach 12 | 6 6 Attach 6 | . 6 Detach 4 | . 4 Swap 1 | . 1 Drop 3 | . 3 Fire 57 | 8 49 Melee . | . . Ram . | . . Kick . | . . Crush . | . . Escape Stasis . | . . Rewire . | . . Trap . | . . Miscellaneous . | . . Route ------- -11/Scrapyard -10/Materials (discovered 3 exits: [*Min x2] / [*Sub]) History --------- Turn | Location | Event 9 | -11/Scrapyard | Discovered new exit (range 15) 136 | -11/Scrapyard | Entered Materials 282 | -10/Materials | Discovered new exit (range 6) 309 | -10/Materials | Build established: Mutant 536 | -10/Materials | Discovered new exit (range 5) 591 | -10/Materials | Discovered new exit (range 16) 835 | -10/Materials | Core integrity fell below 50% 866 | -10/Materials | Core integrity fell below 20% 890 | -10/Materials | Lost 6 parts (2p2n2w) 1080 | -10/Materials | Destroyed by S-10 Pest with Light Assault Rifle Last Messages --------------- 00963_ S-10 Pest destroyed. 00988_ Acquired Lgt. Ion Engine. 00992_ Acquired 11 matter. 01001_ K-01 Serf collects debris. 01002_ K-01 Serf cleans the Pressure Siphon. 01005_ K-01 Serf collects debris. 01005_ K-01 Serf cleans the Pressure Siphon. 01009_ K-01 Serf collects debris. 01019_ Acquired Assault Rifle. 01021_ Hacking Suite fried. 01021_ O-16 Technician destroyed. 01030_ Acquired 13 matter. 01030_ K-01 Serf collects debris. 01035_ Triggered Shock Trap. 01035_ The floor emits a surge of raw power. 01035_ System corrupted (+1). 01038_ K-01 Serf collects debris. 01045_ System corrupted: Energy discharge (-32). 01074_ S-10 Pest destroyed. Map ----- +----------------------------------------------------+ | ?????????# #??# #???????????????????? | | ?????????# #??# """ #???????????????????? | | ?????????# #??# """ #???????????????????? | | ?????????# #??# !! """ #???????????????????? | | ?????????# #??# !! """ #???????????????????? | | ?????????# #??# ! """ #???????????????????? | | ????????## #### #???????????????????? | | ????????# ###+################# ??????? | | ????????# !% ??????? | | ###?????# T = ??????? | | #?????# ??????? | | #?????# =*= ######## ######?????????????? | | #??######+######???# #??????????????????? | | #### #???# #??????????????????? | | + +* #???# #??????????????????? | | ##=# #???# #??????????????????? | | [%####!%= #???# #??????????????????? | | *[+!!+%* #???# =#??????????????????? | | !%####% #???# %#??????????????????? | | ####%* #???# =#############??????? | | #################### =# #??????? | | #### ##### ^ %*# #??????? | | ^ =!# #??????? | | < # #??????? | | """" # """ ""?????????? | | #### ##### """" @ """ ""?????????? | | ???????"|"?????# %"""" ss# """ ""?????????? | | ???????????????# =% #########??????????? | | ???????????????# #?????????????? | | ???????????????# "T" +?????????????? | | ???????????????# """ #?????????????? | | ???????????????############ #?????????????? | | ??????????????????????????? #?????????????? | | ???????????????????????????? + ????????????? | | ????????????????????????????? ###???????????? | | ????????????????????????????? #?????????????? | | ??????????????????????????????#?????????????? | | ????????????????????????????????????????????? | | ????????????????????????????????????????????? | | ????????????????????????????????????????????? | | ????????????????????????????????????????????? | | ????????????????????????????????????????????? | | ????????????????????????????????????????????? | | ????????????????????????????????????????????? | | ????????????????????????????????????????????? | | ????????????????????????????????????????????? | | ????????????????????????????????????????????? | | ????????????????????????????????????????????? | | ????????????????????????????????????????????? | | ????????????????????????????????????????????? | +----------------------------------------------------+ Best States ------------- Heat Dissipation 25 Energy Generation 10 Energy Capacity 250 Matter Stores 300 Matter Capacity 300 Sight Range 16 Terrain Scan Density 10 Weapon Shielding 33 Evasion (%) 40 Recoil Reduction 2 Item Schematics ----------------- None Robot Schematics ------------------ None Fabricated ------------ Nothing Repaired ---------- Nothing Studied --------- None Alien Tech Used ----------------- None Achievements -------------- None Challenges ------------ None Game ------ Seed JunkGrenadeChip Manual? 0 Play Time 00:08:05 Cumulative 22.3 hours Start 2026.02.15 @ 11:23:33 End 2026.02.15 @ 11:30:22 Sessions 1 Manual Loads 0 Difficulty Rogue Special Mode None Game No. 57 Rogue 57 Adventurer 0 Explorer 0 Win Type - Total 0 Types 0/0/0/0/0/0/0/0/0/0 Lore% 10 Gallery% 23 Achievement% 18 Wizard Run 0 Options --------- Layout 1 ASCII 0 Keyboard 1 Movement Vi Keybinds 0 Fullscreen 1 Font 24/Smallcaps Map View 50x35 Zoom Use 0% Tactical HUD 1 Map Filters NONE Filters NONE Steam 1 RUN: 71cf3cf2-5720-424a-b576-ef873d871f9e